 Dungeon Crawl Stone Soup version 0.29.1 (webtiles) character file.

Game seed: 15294885907674303153

170 mtoz the Shield-Bearer (level 5, -1/47 HPs)
             Began as a Minotaur Fighter on Sept 13, 2022.
             Slain by an ogre
             ... wielding a +0 giant club
              (23 damage)
             ... on level 4 of the Dungeon.
             The game lasted 00:05:50 (3272 turns).

mtoz the Shield-Bearer (Minotaur Fighter)           Turns: 3272, Time: 00:05:50

Health: -1/47      AC: 12    Str: 22    XL:     5   Next: 25%
Magic:  4/4        EV:  6    Int:  5    God:
Gold:   194        SH:  4    Dex: 10    Spells: 4/4 levels left

rFire   . . .      SeeInvis .   x - +0 hand axe
rCold   . . .      Faith    .   c - +0 buckler
rNeg    . . .      Spirit   .   j - +0 plate armour
rPois   .          Reflect  .   (helmet restricted)
rElec   .          Harm     .   (no cloak)
rCorr   .          Rampage  .   (no gloves)
Will    .....                   (no boots)
Stlth   ..........              (no amulet)
HPRegen 0.15/turn               (no ring)
MPRegen 0.09/turn               (no ring)

@: no status effects
A: horns 2, retaliatory headbutt
a: no special abilities


You were on level 4 of the Dungeon.
You visited 1 branch of the dungeon, and saw 4 of its levels.

You collected 194 gold pieces.

Inventory:

Hand Weapons
 a - a +0 war axe
 e - a +0 spear
 u - a +0 flail
 x - a +0 hand axe (weapon)
Armour
 b - a +0 scale mail
 c - a +0 buckler (worn)
 f - a +0 ring mail
 j - a +0 plate armour (worn)
Jewellery
 s - an amulet of regeneration
 y - the ring of Weymel {rF+ rC+ Dex+6}
   (You found it on level 4 of the Dungeon)

   [ring of protection from fire]

   Dex:       It affects your dexterity (+6).
   rF:        It protects you from fire.
   rC:        It protects you from cold.
Wands
 t - a wand of mindburst (4)
Scrolls
 h - 2 scrolls of immolation {unknown}
 i - 2 scrolls of vulnerability {unknown}
 k - 2 scrolls of identify {unknown}
 m - 2 scrolls of magic mapping {unknown}
 p - a scroll of amnesia {unknown}
 q - a scroll of fear {unknown}
 v - a scroll of fog {unknown}
Potions
 d - a potion of might
 g - a potion of invisibility {unknown}
 l - a potion of curing {unknown}
 n - a potion of cancellation {unknown}
 o - a potion of lignification {unknown}
 r - a potion of haste {unknown}
 w - a potion of degeneration {unknown}


   Skills:
 * Level 4.6 Fighting
 * Level 3.8 Axes
 * Level 4.6 Armour
 + Level 1.4 Dodging
 * Level 4.6 Shields


You had 4 spell levels left.
You didn't know any spells.
Your spell library was empty.

Dungeon Overview and Level Annotations

Branches:
Dungeon (4/15)
 Temple: D:4-7

Altars:
Nemelex Xobeh


Innate Abilities, Weirdness & Mutations

You have a pair of horns on your head.
You reflexively headbutt those who attack you in melee.


Message History

There is a stone staircase leading down here.
You climb downwards.
The goblin shouts!
Found a scroll labelled NOUCRI CUMIKK and a short sword.
There is a stone staircase leading up here.
A goblin is nearby!
The goblin hits you but does no damage.
You slash the goblin!
You kill the goblin!
No target in view!
An endoplasm comes into view.
The endoplasm quivers.
You see here a scroll labelled NOUCRI CUMIKK.
The endoplasm freezes you.
You are frozen.
You slash the endoplasm!
You kill the endoplasm!
No target in view!
HP restored.
h - 2 scrolls labelled NOUCRI CUMIKK (gained 1)
You see here a +0 dagger.
You see here a +0 short sword.
y - the ring of Weymel {rF+ rC+ Dex+6} A quokka and an ogre come into view.
Found a stone staircase leading down.
There are monsters nearby!
Okay, then.
The ogre hits you with a +0 giant club!
You are too injured to fight recklessly!
You are too injured to fight recklessly!
You are too injured to fight recklessly!
You hit the ogre.
The ogre is moderately wounded.
The ogre hits you with a +0 giant club!
You hit the ogre. You headbutt the ogre!
The ogre is severely wounded.
You hit the ogre but do no damage.
The ogre is severely wounded.
The ogre hits you with a +0 giant club!!
You die...

####### .......
##########
.......##........#
.......O.........# #####
.......#@........# #....
.......#.........# #...<
...?.O.#.........# #....
.......##........####....
....... #..........##....
....... #..........##....
.....>. #..............)^
###+#......##.###
###.....#.#


You could see an ogre.

Vanquished Creatures
  A jelly (D:3)
  An orc priest (D:3)
  3 adders (D:3)
  A worm (D:2)
  A dart slug (D:1)
  12 orcs (D:3)
  6 ball pythons
  4 endoplasms
  6 hobgoblins
  4 jackals (D:1)
  4 quokkas
  8 bats
  4 frilled lizards
  2 goblins
  2 kobolds (D:3)
  3 rats
62 creatures vanquished.

Notes
Turn   | Place    | Note
-------+----------+-------------------------------------------
     0 | D:1      | mtoz the Minotaur Fighter began the quest for the Orb.
     0 | D:1      | Reached XP level 1. HP: 19/19 MP: 0/0
     7 | D:1      | Noticed a wolf
     7 | D:1      | Noticed a wyvern
     8 | D:1      | Noticed a water moccasin
     8 | D:1      | Noticed a black bear
   318 | D:1      | Reached XP level 2. HP: 27/27 MP: 1/1
  1087 | D:2      | Reached XP level 3. HP: 30/33 MP: 2/2
  2029 | D:3      | Reached XP level 4. HP: 40/40 MP: 3/3
  2113 | D:3      | Reached skill level 1 in Dodging
  2537 | D:3      | Found a faded altar of an unknown god.
  2654 | D:3      | Found a sparkling altar of Nemelex Xobeh.
  3058 | D:3      | Reached XP level 5. HP: 43/47 MP: 4/4
  3258 | D:4      | Identified the ring of Weymel {rF+ rC+ Dex+6}
  3264 | D:4      | Noticed an ogre
  3272 | D:4      | Slain by an ogre

Illustrated notes

Levels and vault maps discovered:
D:1:      onia_arrival_zoo_common, layout_basic, minmay_split_cup_large
D:2:      layout_basic
D:3:      layout_rooms, nemelex_altar_shiori, serial_corexii_hall,
          corexii_hall_statues_u, chequers_hall_statues_wall_a,
          chequers_hall_statues_y, chequers_hall_statues_corner_a,
          chequers_hall_statues_y, corexii_hall_statues_l,
          shapermc_ecumenical_altar_acropolis
D:4:      layout_basic

Skill      XL: |  1  2  3  4 |
---------------+-------------+-----
Armour         | 4 |  4.6
Axes           | 3 |  3.8
Shields        | 4 |  4.6
Fighting       | 4 |  4.6
Dodging        | 1 |  1.4

Action                   |  1- 3 |  4- 6 || total
-------------------------+-------+-------++-------
Melee: War axe           |    85 |    37 ||   122
       Headbutt          |    12 |     5 ||    17
       Hand axe          |       |    19 ||    19
Armor: Scale mail        |    13 |       ||    13
       Plate armour      |    32 |    45 ||    77
Dodge: Dodged            |    28 |    11 ||    39
Block: Buckler           |    17 |    13 ||    30
